 Dungeon Crawl Stone Soup version 0.30-a0-123-g91d0c66ccf (webtiles) character file.

Game seed: 10153304302808767040

43 bande the Trooper (level 3, -6/33 HPs)
             Began as a Hill Orc Fighter on Sept 18, 2022.
             Mangled by Sigmund
             ... wielding a +0 scythe
              (9 damage)
             ... on level 2 of the Dungeon.
             The game lasted 00:01:59 (1221 turns).

bande the Trooper (Hill Orc Fighter)                Turns: 1221, Time: 00:02:00

Health: -6/33      AC:  8    Str: 18    XL:     3   Next: 58%
Magic:  3/3        EV:  9    Int: 14    God:
Gold:   11         SH:  5    Dex: 18    Spells: 2/2 levels left

rFire   . . .      SeeInvis .    a - +0 war axe
rCold   . . .      Faith    .    c - +0 buckler
rNeg    . . .      Spirit   .    b - +0 scale mail
rPois   .          Reflect  .    (no helmet)
rElec   .          Harm     .    (no cloak)
rCorr   .          Rampage  .    g - +0 pair of gloves
Will    .....                    (no boots)
Stlth   ..........               (no amulet)
HPRegen 0.11/turn                e - +6 ring of intelligence
MPRegen 0.08/turn                i - +6 ring of dexterity

@: mighty
A: no striking features
a: no special abilities


You were on level 2 of the Dungeon.
You visited 1 branch of the dungeon, and saw 2 of its levels.

You collected 24 gold pieces.
You spent 13 gold pieces at shops.

Inventory:

Hand Weapons
 a - a +0 war axe (weapon)
Armour
 b - a +0 scale mail (worn)
 c - a +0 buckler (worn)
 g - a +0 pair of gloves (worn)
Jewellery
 e - a +6 ring of intelligence (left hand)
 i - a +6 ring of dexterity (right hand)
Scrolls
 j - a scroll of summoning
Potions
 f - a potion of cancellation


   Skills:
 + Level 3.9 Fighting
 + Level 3.7 Axes
 + Level 3.7 Armour
 + Level 3.8 Shields


You had 2 spell levels left.
You didn't know any spells.
Your spell library was empty.

Dungeon Overview and Level Annotations

Branches:
Dungeon (2/15)

Altars:

Shops:
D:1 !

Annotations:
D:2 Sigmund


Message History

You barely miss Sigmund. You hit Sigmund.
Sigmund is lightly wounded.
Sigmund says, "Look into my eyes."
Sigmund misses you.
You closely miss Sigmund.
Sigmund is lightly wounded.
You block Sigmund's attack.
You hit Sigmund but do no damage.
Sigmund is lightly wounded.
Sigmund casts a spell at you. The puff of flame hits you!
You hit Sigmund.
Sigmund is moderately wounded.
Sigmund casts a spell.
Sigmund flickers and vanishes!
Deactivating autopickup; reactivate with Ctrl-A.
You hear some strange, mumbled words.
You are confused.
You feel very mighty all of a sudden. Something hits you!
You bump into the rock wall.
You barely miss something. Something hits you.
You bump into the rock wall.
You hear some strange, mumbled words.
A magic dart appears from out of thin air!
The magic dart hits you but does no damage.
Unknown command.
You bump into the rock wall.
Something hits you.
You bump into the rock wall.
You feel less confused. Something hits you!
* * * LOW HITPOINT WARNING * * *
You closely miss something. Something hits you.
* * * LOW HITPOINT WARNING * * *
You miss something.
Unknown command.
You barely miss something. Something hits you but does no damage.
You slash something! Something hits you!
You die...

#########
#######.......#
...##..>####.######
####.##.#............
#.........####.#####.
#.##.###.......# #.
#.##.##.# #########
#( #......@# #<
###.!..{# #. #..##.#
#. #.. #.# #. #. #.#
.. # #.# ## ..# ###


There were no monsters in sight!

Vanquished Creatures
  A worm (D:1)
  2 dart slugs (D:1)
  2 ball pythons (D:1)
  A bat (D:1)
  5 endoplasms (D:1)
  4 goblins (D:1)
  5 hobgoblins (D:1)
  4 jackals (D:1)
  2 kobolds (D:1)
  A quokka (D:1)
  A frilled lizard (D:1)
  A rat (D:1)
29 creatures vanquished.

Notes
Turn   | Place    | Note
-------+----------+-------------------------------------------
     0 | D:1      | bande the Hill Orc Fighter began the quest for the Orb.
     0 | D:1      | Reached XP level 1. HP: 19/19 MP: 1/1
   200 | D:1      | Reached XP level 2. HP: 24/27 MP: 2/2
   574 | D:1      | Reached XP level 3. HP: 29/33 MP: 3/3
   859 | D:1      | Found a faded altar of an unknown god.
   962 | D:1      | Found Goki's Distillery.
  1052 | D:1      | Bought a potion of degeneration for 13 gold pieces
  1203 | D:2      | Noticed Sigmund
  1221 | D:2      | Mangled by Sigmund

Illustrated notes

Levels and vault maps discovered:
D:1:      nzn_arrival_water_spiral, layout_loops_ring,
          nicolae_ecumenical_lake_church, serial_shops, nicolae_shop_stone,
          chequers_serial_rivers_room_a, nicolae_wormholes
D:2:      layout_loops_cross, minmay_tetromino_o4, uniq_sigmund

Skill      XL: |  1  2 |
---------------+-------+-----
Axes           | 3 |  3.7
Fighting       | |  3.9
Armour         | |  3.7
Shields        | |  3.8

Action                   || total
-------------------------++-------
Melee: War axe           ||    75
  Use: Scroll            ||     3
       Potion            ||     1
Armor: Scale mail        ||    23
Dodge: Dodged            ||    30
Block: Buckler           ||    15

Table legend: (Time is in decaauts)
 A = Elapsed time spent in this place.
 B = Non-inter-level travel time spent in this place.
 C = Inter-level travel time spent in this place.
 D = Time resting spent in this place.
 E = Time spent auto-exploring this place.
 F = Levels seen in this place.
 G = Mean time per level.
                   A        B        C        D        E       F      G
               +--------+--------+--------+--------+--------+-----+--------+
         Total |   1252 |   1225 |     27 |      0 |    972 |   2 |  626.0 |
       Dungeon |   1252 |   1225 |     27 |      0 |    972 |   2 |  626.0 |
               +--------+--------+--------+--------+--------+-----+--------+

Top non-repeatable levels by time:
     D:1: 1209 daAuts
     D:2: 43 daAuts
